 Dungeon Crawl Stone Soup version 0.30-a0-570-g486de37d69 (webtiles) character file.

Game seed: 15565439403207217696

12 tilp the Covered (level 2, -5/26 HPs)
             Began as a Meteoran Fighter on Dec 29, 2022.
             Killed from afar by Natasha (6 damage)
             ... with a magic dart
             ... on level 2 of the Dungeon.
             The game lasted 00:01:03 (139 turns).

tilp the Covered (Meteoran Fighter)                  Turns: 139, Time: 00:01:03

Health: -5/26      AC:  7    Str: 17    XL:     2   Next: 64%
Magic:  3/3        EV:  9    Int:  9    God:
Gold:   0          SH:  5    Dex: 13    Spells: 1/1 levels left

rFire   . . .      SeeInvis .    a - +0 long sword
rCold   . . .      Faith    .    c - +0 buckler
rNeg    . . .      Spirit   .    b - +0 scale mail
rPois   .          Reflect  .    (no helmet)
rElec   .          Harm     .    (no cloak)
rCorr   +          Rampage  .    (no gloves)
Will    .....                    (no boots) Stlth
                                 (no amulet)
HPRegen 0.24/turn                e - ring of resist corrosion
MPRegen 0.08/turn                (no ring)

@: mighty, glowing
A: sense surroundings 1, otherworldly, glowing, explore regen
a: no special abilities


You were on level 2 of the Dungeon.
You visited 1 branch of the dungeon, and saw 3 of its levels.

Inventory:

Hand Weapons
 a - a +0 long sword (weapon)
Missiles
 f - 4 curare-tipped darts (quivered)
 g - 6 stones
Armour
 b - a +0 scale mail (worn)
 c - a +0 buckler (worn)
Jewellery
 e - a ring of resist corrosion (left hand)


   Skills:
 + Level 3.3 Fighting
 + Level 2.6 Long Blades
 + Level 3.8 Armour
 * Level 1.0 Dodging
 + Level 0.3 Stealth
 + Level 3.7 Shields


You had one spell level left.
You didn't know any spells.
Your spell library was empty.

Dungeon Overview and Level Annotations

Branches:
Dungeon (3/15) Zot: 1654

Altars:

Annotations:
D:2 Natasha


Innate Abilities, Weirdness & Mutations

You passively map a small area around you.
You are easily found by Zot.
You glow in the dark.
You regain HP and MP as you explore.


Message History

The magic dart hits you.
You feel very mighty all of a sudden.
Natasha mewls in sadness.
The shadow imp shouts, "Return whence thou came, thou puny hell-hated vassal!"
You barely miss Natasha. The bat hits you but does no damage.
You block the bat's attack.
Natasha claws you but does no damage. x2
The bat barely misses you.
You closely miss Natasha. The bat closely misses you.
The shadow imp hits you but does no damage.
Natasha claws you.
You closely miss Natasha. The bat hits you but does no damage.
The shadow imp summons a swarm of flies.
The shadow imp hits you but does no damage.
Natasha claws you. The shadow imp barely misses you.
You hit Natasha.
Natasha is moderately wounded.
The bat misses you.
Natasha drinks a potion.
Natasha flickers and vanishes!
Deactivating autopickup; reactivate with Ctrl-A.
The shadow imp closely misses you. Something claws you!
* * * LOW HITPOINT WARNING * * *
You closely miss something. The bat hits you but does no damage.
The shadow imp hits you.
* * * LOW HITPOINT WARNING * * *
You hear some strange, mumbled words.
You block the bat's attack.
Unknown command.
You closely miss something. The bat hits you but does no damage.
The shadow imp gestures at you. Pain shoots through your body!
* * * LOW HITPOINT WARNING * * *
You hear some strange, mumbled words.
You closely miss something. The bat hits you.
* * * LOW HITPOINT WARNING * * *
The shadow imp hits you but does no damage.
Something claws you but does no damage. The bat hits you but does no damage.
The crimson imp blinks!
You hear some strange, mumbled words.
A magic dart appears from out of thin air!
The magic dart hits you.
You die...

*
######............
...........###.##
** , #####......#
* * * , #...>..# ,
* * * ##...#.# *,
##......# **
,,#.5...###
#.....# *, , *
#..@5.# *
#.....b{.ยง.#
#......5...# * ,*
* ##.........#
####....### *
#....# , #....#
##.#.# , , , , *


You could see a crimson imp (summoned), 2 shadow imps and a bat.

Vanquished Creatures
  An adder (D:2)
  A hobgoblin (D:2)
  A quokka (D:1)
  A ball python (D:1)
4 creatures vanquished.

Notes
Turn   | Place    | Note
-------+----------+-------------------------------------------
     0 | D:1      | tilp the Meteoran Fighter began the quest for the Orb.
     0 | D:1      | Reached XP level 1. HP: 19/19 MP: 2/2
   112 | D:2      | Reached skill level 1 in Dodging
   112 | D:2      | Reached XP level 2. HP: 26/26 MP: 3/3
   128 | D:2      | Noticed Natasha
   138 | D:2      | HP: 1/26 [shadow imp/nerve-wracking pain[Natasha] (6)]
   139 | D:2      | Noticed a crimson imp
   139 | D:2      | Killed from afar by Natasha

Illustrated notes

Levels and vault maps discovered:
D:1:      lemuel_arrival_funnel, layout_basic, serial_aquarium,
          aquarium_bridge_island_small [aquarium_subvault_small_open,
          aquarium_subvault_bridge, aquarium_subvault_wall,
          aquarium_subvault_balcony, aquarium_subvault_window],
          aquarium_window_3, aquarium_window_fake, aquarium_window_1,
          aquarium_view_2d, aquarium_view_2d, serial_park_tiny_pond
D:2:      layout_loops_ring, basic_altar, uniq_robin, uniq_natasha
D:3:      layout_basic, kennysheep_generic_room_13, uniq_sigmund

Skill      XL: |  1 |
---------------+----+-----
Dodging        | 1 |  1.0
Fighting       | |  3.3
Long Blades    | |  2.6
Armour         | |  3.8
Stealth        | |  0.3
Shields        | |  3.7

Action                   || total
-------------------------++-------
Melee: Long sword        ||    21
  Use: Potion            ||     1
Armor: Scale mail        ||    22
Dodge: Dodged            ||     8
Block: Buckler           ||     2

Table legend: (Time is in decaauts)
 A = Elapsed time spent in this place.
 B = Non-inter-level travel time spent in this place.
 C = Inter-level travel time spent in this place.
 D = Time resting spent in this place.
 E = Time spent auto-exploring this place.
 F = Levels seen in this place.
 G = Mean time per level.
                   A        B        C        D        E       F      G
               +--------+--------+--------+--------+--------+-----+--------+
         Total |    144 |    144 |      0 |      0 |      0 |   3 |   48.0 |
       Dungeon |    144 |    144 |      0 |      0 |      0 |   3 |   48.0 |
               +--------+--------+--------+--------+--------+-----+--------+

Top non-repeatable levels by time:
     D:1: 82 daAuts
     D:2: 60 daAuts
     D:3: 1 daAuts
